Cogmind - Beta 13 @@@ ROGUE MODE // 2024.05.11 @ 20:37:20 Player: Arianne Result: Destroyed by G-47 Trooper with Particle Gun Performance ------------- Evolutions (2) 1000 Regions Visited (3) 600 Robots Destroyed (22) 110 Value Destroyed (630) 630 Prototype IDs (3) 60 Alien Tech Used (0) 0 Bonus (0) 0 TOTAL SCORE: 2400 Bonus ------- None Cogmind --------- Core Integrity 0/550 Matter 34/300 Energy 89/100 System Corruption 0% Temperature Cool (9) Movement Core (100) Ox1 Location -8/Materials Parts ------- > --- POWER (2) -------- (None) > --- PROPULSION (2) --- (None) > --- UTILITY (4) ------ Signal Interpreter Weapon Shielding > --- WEAPON (3) ------- Heavy Mace > --- INVENTORY (5) ---- (None) Peak State ------------ > --- POWER ------------ (None) > --- PROPULSION ------- Aluminum Leg Aluminum Leg > --- UTILITY ---------- Structural Scanner Signal Interpreter Hardened Light Armor Plating Hardened Light Armor Plating > --- WEAPON ----------- Heavy Rocket Launcher Heavy Rocket Launcher Heavy Rocket Launcher > --- INVENTORY -------- Recalibrator [Rating: 20] Favorites ----------- Power Light Ion Engine Engine Light Ion Engine Propulsion Aluminum Leg Treads Light Treads Leg Aluminum Leg Utility Hardened Light Armor Plating Device Structural Scanner Storage Small Storage Unit Processor Signal Interpreter Protection Hardened Light Armor Plating Weapon Light Assault Rifle Energy Gun EM Pulse Gun Energy Cannon Beam Cannon Ballistic Gun Light Assault Rifle Ballistic Cannon Light Cannon Launcher Grenade Launcher Impact Weapon Heavy Mace Build | -11 -10 -10 -8 ------- Run | Yrd Mat Sub Mat Slots Evolved 4 | . . . 4 Power 1 | . . . 1 Propulsion . | . . . . Utility 2 | . . . 2 Weapon 1 | . . . 1 Parts Attached 39 | 5 16 5 13 Power 5 | 1 2 . 2 Engine 5 | 1 2 . 2 Core . | . . . . Reactor . | . . . . Propulsion 8 | 2 3 . 3 Treads 3 | . . . 3 Leg 5 | 2 3 . . Wheel . | . . . . Hover . | . . . . Flight . | . . . . Utility 15 | . 8 3 4 Device 5 | . 2 2 1 Storage 3 | . 3 . . Processor 1 | . 1 . . Hackware . | . . . . Protection 6 | . 2 1 3 Artifact . | . . . . Weapon 11 | 2 3 2 4 Energy Gun 1 | 1 . . . Energy Cannon 1 | . . 1 . Ballistic Gun 3 | 1 2 . . Ballistic Cannon 1 | . . 1 . Launcher 4 | . 1 . 3 Special Weapon . | . . . . Impact Weapon 1 | . . . 1 Slashing Weapon . | . . . . Piercing Weapon . | . . . . Special Melee Weapon . | . . . . Unidentified Prototypes . | . . . . Parts Lost 15 | . 1 2 12 Power 3 | . . 1 2 Propulsion 3 | . . . 3 Utility 4 | . . . 4 Weapon 5 | . 1 1 3 Highest Loss Streak 10 | . 1 2 10 To Critical Strikes . | . . . . Average Slot Usage (%) 91 | . 94 98 64 Engine 12 | . 14 12 1 Treads 1 | . . . 8 Leg 25 | . 27 28 5 Device 4 | . . 11 8 Storage 2 | . 3 . . Processor 6 | . 2 14 9 Protection 11 | . 15 2 11 Energy Gun 1 | . 2 . . Ballistic Gun 10 | . 15 4 . Ballistic Cannon 1 | . . 8 . Launcher 11 | . 9 14 19 Naked Turns . | . . . . Heaviest Build 32 | 8 19 14 32 Greatest Support 40 | 20 20 20 40 Greatest Overweight (x) 6 | . 1 . 6 Average Overweight (x) . | . . . . Largest Inventory Capacity 8 | 5 8 8 5 Average Capacity 5 | 5 5 5 5 Most Carried 7 | . 7 7 3 Average Carried 3 | . 3 4 1 Final Capacity 8 | 5 8 5 5 Final Carried 7 | . 7 3 . Class Distribution -------------------- 87% | Mutant 7% | Tank 4% | Scavenger-Mutant Dominant Class ---------------- Mutant | -10/Materials Mutant | -10/Subcaves Tank | -8/Materials Resources | -11 -10 -10 -8 ----------- Run | Yrd Mat Sub Mat Matter Collected 611 | 164 311 50 86 Remotely . | . . . . Salvage Created 503 | . 331 35 137 Parts 40 | . 31 1 8 Haulers Intercepted . | . . . . Recyclers Shooed . | . . . . Parts Field Recycled . | . . . . Retrieved Matter . | . . . . Parts Self-Destructed 5 | . . 5 . Prevented . | . . . . Kills | -11 -10 -10 -8 ------- Run | Yrd Mat Sub Mat Combat Hostiles Destroyed 20 | . 12 2 6 Melee 1 | . . . 1 Guns 9 | . 9 . . Cannons 2 | . . 2 . AOE 8 | . 3 . 5 Classes Destroyed 6 | . 4 1 1 Worker 1 | . 1 . . Mechanic 1 | . 1 . . Swarmer 7 | . 6 . 1 Grunt 8 | . 6 . 2 Sentry 3 | . . . 3 Subdweller 2 | . . 2 . Best Kill Streak 3 | . 3 1 3 Combat Bots Only 3 | . 3 1 3 Max Kills in Single Turn 2 | . 2 1 2 Gunslinging . | . . . . Exploded 2 | . 1 . 2 Melee 1 | . . . 1 Uniques/NPCs Destroyed . | . . . . Combat | -11 -10 -10 -8 -------- Run | Yrd Mat Sub Mat Hostile Shots Fired 310 | . 91 17 202 Missed 100 | . 33 6 61 Damage Taken 2379 | . 608 228 1543 Core 683 | . 102 25 556 Absorbed by Shields . | . . . . Redirected to Shielding 10 | . . . 10 Regen/Repaired (Parts) 21 | . 21 . . Core Remaining (%) 74 | 100 . 49 . Volleys Fired 57 | . 41 12 4 Largest 3 | . 2 2 3 Hottest 117 | . 60 90 117 Shots Fired 89 | . 63 14 12 Gun 57 | . 57 . . Cannon 5 | . . 5 . Launcher 27 | . 6 9 12 Special . | . . . . Kinetic 47 | . 46 1 . Thermal 4 | . . 4 . Explosive 27 | . 6 9 12 Electromagnetic 11 | . 11 . . Robot Hit Streak 9 | . 8 5 9 Robot Miss Streak 3 | . 3 1 1 Penetration Max . | . . . . Secondary Targets . | . . . . Shots Hit Robots 54 | . 38 8 8 Core Hits 43 | . 30 4 9 Critical Kills 1 | . 1 . . Critical Parts Destroyed . | . . . . Critical Strikes 1 | . 1 . . Destroy 1 | . 1 . . Melee Attacks 4 | . . . 4 Impact 4 | . . . 4 Slashing . | . . . . Piercing . | . . . . Sneak Attacks . | . . . . Combat Hostiles . | . . . . Follow-up Attacks . | . . . . Damage Inflicted 1561 | . 646 298 617 Guns 341 | . 341 . . Cannons 53 | . . 53 . Explosions 1097 | . 296 245 556 Melee 61 | . . . 61 Ramming 9 | . 9 . . Kinetic 253 | . 253 . . Thermal 53 | . . 53 . Explosive 1097 | . 296 245 556 Electromagnetic 88 | . 88 . . Impact 61 | . . . 61 Slashing . | . . . . Piercing . | . . . . Highest Corruption . | . . . . Average Corruption . | . . . . Corruption Purged . | . . . . Corruption Blocked . | . . . . Overload Shots . | . . . . Overflow Damage 54 | . . . 54 Projectiles . | . . . . Explosions 13 | . . . 13 Melee 41 | . . . 41 Knockbacks . | . . . . Impact . | . . . . Kinetic . | . . . . Secondary . | . . . . Self-Inflicted Damage 164 | . 14 14 136 Shots 7 | . 1 2 4 Rammed . | . . . . Targets Rammed 2 | . 2 . . Kicked 2 | . 2 . . Crushed . | . . . . Highest Temperature 112 | . 112 . 99 Average Temperature 35 | . 33 . 45 Received Heat Transfer 582 | . 237 66 279 Siege Activations . | . . . . Robots Corrupted . | . . . . Combat Hostiles . | . . . . Parts Fried . | . . . . Impact Corruptions 1 | . . . 1 Robots Melted . | . . . . Combat Hostiles . | . . . . Parts Melted . | . . . . Heat Transferred 111 | . . 111 . Parts Sabotaged . | . . . . Parts Stolen . | . . . . Parts Stripped . | . . . . Power Chain Reactions . | . . . . Alert | -11 -10 -10 -8 ------- Run | Yrd Mat Sub Mat Peak Influence 266 | . 266 . 219 Initial . | . . . . Average 110 | . 110 . 130 Maximum Alert Level 1 | . 1 . 1 Low Security (%) 86 | 100 90 . 65 Level 1 13 | . 9 . 34 Level 2 . | . . . . Level 3 . | . . . . Level 4 . | . . . . Level 5 . | . . . . High Security . | . . . . Max Security . | . . . . Squads Dispatched 7 | . 3 . 4 Investigation 1 | . 1 . . Extermination . | . . . . Reinforcement 3 | . 2 . 1 Assault . | . . . . Garrison 3 | . . . 3 Intercept . | . . . . Searches Triggered . | . . . . Construction Impeded . | . . . . Haulers Reinforced . | . . . . Active Scanning Responses . | . . . . Cargo Convoy Interrupts . | . . . . Stealth | -11 -10 -10 -8 --------- Run | Yrd Mat Sub Mat Distress Signals 3 | . 2 . 1 Communications Jammed . | . . . . Distress Signals . | . . . . Times Spotted 57 | . 36 3 18 Peak Tracking Total 9 | . 4 1 9 Tactical Retreats 3 | . 1 . 2 Traps | -11 -10 -10 -8 ------- Run | Yrd Mat Sub Mat Traps Triggered 2 | . 2 . . Indirectly . | . . . . Trap Hack Attempts . | . . . . Triggered . | . . . . Disarmed . | . . . . Reprogrammed . | . . . . Reused . | . . . . Traps Extracted . | . . . . Installed . | . . . . Triggered . | . . . . Machines | -11 -10 -10 -8 ---------- Run | Yrd Mat Sub Mat Machines Disabled 2 | . . . 2 Max in Single Turn 1 | . . . 1 Machines Repaired . | . . . . Machines Dismantled . | . . . . Machines Sabotaged . | . . . . Overloaded Fab Kills . | . . . . Hacking | -11 -10 -10 -8 --------- Run | Yrd Mat Sub Mat Machines Accessed 11 | . 9 . 2 Terminals 8 | . 6 . 2 Fabricators . | . . . . Repair Stations 1 | . 1 . . Recycling Units 2 | . 2 . . Scanalyzers . | . . . . Garrison Access . | . . . . Total Hacks 25 | . 21 . 4 Successful 11 | . 9 . 2 Failed 14 | . 12 . 2 Catastrophic 6 | . 5 . 1 Database Lockouts . | . . . . Manual . | . . . . Terminals 19 | . 15 . 4 Fabricators . | . . . . Repair Stations 2 | . 2 . . Recycling Units 4 | . 4 . . Scanalyzers . | . . . . Garrison Access . | . . . . Terminal Hacks 7 | . 5 . 2 Prototype ID Bank 2 | . 2 . . Emergency Access Points 1 | . . . 1 Alert Level 1 | . 1 . . Dispatch Records 1 | . 1 . . Investigation Status 1 | . 1 . . Zone Layout 1 | . . . 1 Fabricator Hacks . | . . . . Repair Station Hacks 2 | . 2 . . Scan Component 1 | . 1 . . Repair 1 | . 1 . . Recycling Unit Hacks 2 | . 2 . . Retrieve Components 2 | . 2 . . Scanalyzer . | . . . . Garrison Access Hacks . | . . . . Unauthorized Hacks . | . . . . Terminals . | . . . . Fabricators . | . . . . Repair Stations . | . . . . Recycling Units . | . . . . Scanalyzers . | . . . . Garrison Access . | . . . . Data Cores Recovered . | . . . . Used . | . . . . Hacking Detections 10 | . 8 . 2 Full Trace Events 3 | . 3 . . Feedback Events . | . . . . Feedback Blocked . | . . . . Robot Schematics Acquired . | . . . . Robots Built . | . . . . Authchips . | . . . . Time . | . . . . Total Robot Build Rating . | . . . . Part Schematics Acquired . | . . . . Parts Built . | . . . . Authchips . | . . . . Time . | . . . . Total Part Build Rating . | . . . . Parts Repaired 1 | . 1 . . Time 44 | . 44 . . Parts Recycled . | . . . . Recycled Matter . | . . . . Retrieved Matter . | . . . . Retrieved Components 16 | . 16 . . Parts Scanalyzed . | . . . . Part Schematics Acquired . | . . . . Parts Damaged . | . . . . Bothacking | -11 -10 -10 -8 ------------ Run | Yrd Mat Sub Mat Used RIF Installer . | . . . . Robots Hacked . | . . . . Non-combat . | . . . . Combat . | . . . . Robot Hacks Applied . | . . . . Relay Couplers Released . | . . . . Fabnet Peak Effective % . | . . . . Robots Rewired . | . . . . Allies Hacked . | . . . . Hacks Repelled . | . . . . Allies | -11 -10 -10 -8 -------- Run | Yrd Mat Sub Mat Total Allies . | . . . . Largest Group . | . . . . Highest-Rated Group . | . . . . Highest-Rated Ally . | . . . . Total Orders . | . . . . Ally Attacks . | . . . . Total Damage . | . . . . Kills . | . . . . Allies Corrupted . | . . . . Allies Melted . | . . . . Intel | -11 -10 -10 -8 ------- Run | Yrd Mat Sub Mat Robot Analysis Total . | . . . . Derelict Logs Recovered . | . . . . Drone Launches . | . . . . Drone Recoveries . | . . . . Exploration | -11 -10 -10 -8 ------------- Run | Yrd Mat Sub Mat Turns Passed 3475 | 60 2178 825 412 Spaces Moved 2379 | 55 1564 511 249 Core 95 | 21 . . 74 Treads 112 | . . . 112 Legs 2172 | 34 1564 511 63 Wheels . | . . . . Hover . | . . . . Flight . | . . . . Fastest Speed 50 | 50 120 120 50 Average Speed 121 | 93 120 120 143 Slowest Speed 350 | 120 190 120 350 Overloaded Moves . | . . . . Propulsion Burnouts . | . . . . Robots Hopped . | . . . . Cave-ins Triggered . | . . . . Exploration Rate (%) 36 | 3 100 17 26 Regions Visited 3 Branch Regions 1 Pre-discovered Areas . | . . . . Known Exits Taken 2 | . 1 1 . Unknown Exits Taken 1 | 1 . . . Scrap Searched . | . . . . Spaces Dug . | . . . . Terrain Destroyed 142 | . 31 35 76 Melee . | . . . . Projectile . | . . . . AOE 142 | . 31 35 76 Terrain Rammed . | . . . . Walls Destroyed . | . . . . Machines Disabled . | . . . . Actions | -11 -10 -10 -8 --------- Run | Yrd Mat Sub Mat Total 2873 | 61 1811 712 289 Wait 354 | 2 167 176 9 Move 2376 | 54 1563 510 249 Hop . | . . . . Pick Up 21 | . 12 2 7 Fast Attach 10 | 5 4 . 1 Attach 21 | . 5 5 11 Detach 4 | . 2 2 . Swap 8 | . 7 . 1 Drop 16 | . 8 5 3 Fire 57 | . 41 12 4 Melee 4 | . . . 4 Ram . | . . . . Kick 2 | . 2 . . Crush . | . . . . Escape Stasis . | . . . . Rewire . | . . . . Trap . | . . . . Miscellaneous . | . . . . Route ------- -11/Scrapyard -10/Materials (discovered 6 exits: *Mat x3 / *Min x2 / *Sub) -10/Subcaves -8/Materials History --------- Turn | Location | Event 11 | -11/Scrapyard | Discovered new exit (range 15) 61 | -11/Scrapyard | Entered Materials 219 | -10/Materials | Discovered new exit (range 12) 220 | -10/Materials | Discovered new exit (range 12) 309 | -10/Materials | Build established: Mutant 554 | -10/Materials | Discovered new exit (range 8) 593 | -10/Materials | Discovered new exit (range 9) 1112 | -10/Materials | Repaired Recalibrator 1256 | -10/Materials | Discovered new exit (range 8) 1336 | -10/Materials | Discovered new exit (range 9) 1798 | -10/Materials | Identified exit to Materials 1811 | -10/Materials | Identified exit to Subcaves 1850 | -10/Materials | Identified exit to Mines 2239 | -10/Materials | Entered Subcaves 2466 | -10/Subcaves | Shifting Twisted Machinery released Sub. Beam Cannon 2467 | -10/Subcaves | Shifting Twisted Machinery released Sub. Beam Cannon 3030 | -10/Subcaves | Core integrity fell below 50% 3046 | -10/Subcaves | Discovered new exit (range 5) 3050 | -10/Subcaves | Identified exit to Materials 3064 | -10/Subcaves | Entered Materials 3064 | -8/Materials | Evolved 4 slots: Power x1, Utility x2, Weapon x1 3424 | -8/Materials | Core integrity fell below 50% 3461 | -8/Materials | Core integrity fell below 20% 3476 | -8/Materials | Destroyed by G-47 Trooper with Particle Gun Last Messages --------------- Lgt. Treads destroyed. Acquired Deuterium Engine. S-10 Pest destroyed. Structural Scanner destroyed. Acquired 16 matter. Deuterium Engine destroyed. W-25 Informer sends out distress signal. K-01 Serf cleans the Neutrino Reactor. K-01 Serf collects debris. Deuterium Engine destroyed. K-01 Serf collects debris. Recalibrator destroyed. Acquired Hvy. Mace. K-01 Serf cleans the Neutrino Reactor. Destroyed Flight Unit. S-10 Pest system corrupted by crushing effect. S-10 Pest destroyed. K-01 Serf cleans the Neutrino Reactor. Acquired 9 matter. K-01 Serf cleans the Neutrino Reactor. Map ----- +----------------------------------------------------+ | | | | | | | ?????????????????????????????????????????????????? | | ?????????????????????????????????????????????????? | | ?????????????????????????????????????????????????? | | ?????????????????????????????????????????????????? | | ?????????????????????????????????????????????????? | | ?????????????????????????????????????????????????? | | ?????????????????????????????????????????????????? | | ?????????????????????????????????????????????????? | | ?????????????????????????????????????????????????? | | ?????????????????????????????????????????????????? | | ?????????????????????????????????????????????????? | | ?????????????????????????????????????????????????? | | ?????????????????????????????????????????????????? | | ?????????????????????????????????????????????????? | | ?????????????????????????????????????????????????? | | ?????????????????????????????????????????????????? | | ????????????????????###+#########????????????????? | | ????????????????????# k #????????????????? | | ????????????????????# #????????????????? | | #???????????????????# """ """ #????????????????? | | #???????????????????# """ """ #????????????????? | | ??????????????####### """ """ #????????????????? | | ####+########## # @* #????????????????? | | #####s#######????????????????? | | # [/#?????????????????????? | | #! #?????????????????????? | | ######+######## # s #?????????????????????? | | ## #??## ## g!!#?????????????????????? | | ## """#???# ## = #?????????????????????? | | ## """#???# ## a #?????????????????????? | | ## """#???# ###+######+#??????????????????? | | ## #???# #????????????? | | ## """#???# #????????????? | | ## """#???# #????????????? | | ## """#???#######+########+###+#????????????? | | ## #?????????????????????????????????????? | | #########???????????????????????????????????????? | | ###?????????????????????????????????????????????? | | ###########??????????????????????????????????????? | | #########??????????????????????????????????????? | | ##??????????????????????????????????????? | | ##??????????????????????????????????????? | | ##??????????????????????????????????????? | | ##??????????????????????????????????????? | | ??????????????????????????????????? | | ! ##+####### ???????????????????????????????????? | | #### ## ????????????????????????????????????? | +----------------------------------------------------+ Best States ------------- Heat Dissipation 31 Energy Generation 23 Energy Capacity 450 Matter Stores 300 Matter Capacity 300 Sight Range 16 Terrain Scan Density 10 Armor Coverage 300 Weapon Shielding 33 Evasion (%) 55 Recoil Reduction 2 Trap Extractor Capacity 4 Item Schematics ----------------- None Robot Schematics ------------------ None Fabricated ------------ Nothing Alien Tech Used ----------------- None Achievements -------------- Oops Challenges ------------ None Game ------ Seed AntimissileComponentCutter Manual? 0 Play Time 00:31:16 Cumulative 6.0 hours Start 2024.05.11 @ 20:06:23 End 2024.05.11 @ 20:37:20 Sessions 1 Manual Loads 0 Difficulty Rogue Special Mode None Game No. 15 Rogue 15 Adventurer 0 Explorer 0 Win Type - Total 0 Types 0/0/0/0/0/0/0/0/0 Lore% 2 Gallery% 12 Achievement% 10 Wizard Run 0 Options --------- Layout 1 ASCII 0 Keyboard 0 Movement Arrows Keybinds 0 Fullscreen 1 Font 32/SmallcapsGlow Map View 50x35 Zoom Use 0% Tactical HUD 0 Map Filters NONE Filters NONE Steam 1 RUN: 7853a2d0-7650-4eee-8a07-66cb7657de8f